 Dungeon Crawl Stone Soup version 0.29-a0-1047-g7c58e119a4 (webtiles) character file.

Game seed: 17764752525391951323

16 spiderkeys the Trooper (level 2, 0/21 HPs)
             Began as an Octopode Cinder Acolyte on Aug 16, 2022.
             Was a High Priest of Ignis.
             Constricted to death by a ball python (1 damage)
             ... on level 1 of the Dungeon.
             The game lasted 00:01:57 (479 turns).

spiderkeys the Trooper (Octopode Cinder Acolyte)     Turns: 479, Time: 00:01:57

Health: 0/21       AC:  1    Str: 13    XL:     2   Next: 54%
Magic:  3/3        EV:  9    Int: 16    God:    Ignis [*****.]
Gold:   45         SH:  0    Dex:  7    Spells: 3/3 levels left

rFire   + . .      SeeInvis .   b - +1 dagger (elec)
rCold   . . .      Faith    .   (no shield)
rNeg    . . .      Spirit   .   (helmet restricted)
rPois   .          Reflect  .   (no amulet)
rElec   .          Harm     .   (no ring)
rCorr   .          Rampage  .   (no ring)
Will    .....                   (no ring)
Stlth   ++........              (no ring)
HPRegen 0.07/turn               (no ring)
MPRegen 0.08/turn               (no ring)
                                (no ring)
                                (no ring)

@: constricted
A: almost no armour, amphibious, 8 rings, camouflage 1, gelatinous body 1,
(nimble swimmer 1), tentacles
a: Renounce Religion, Fiery Armour, Foxfire Swarm, Rising Flame


You were on level 1 of the Dungeon.
You worshipped Ignis.
Ignis was extremely pleased with you.
You visited 1 branch of the dungeon, and saw 1 of its levels.

You collected 45 gold pieces.


Innate Abilities, Weirdness & Mutations

You cannot wear most types of armour.
You are amphibious.
You can wear up to eight rings at the same time.
Your skin changes colour to match your surroundings (Stealth+).
Your rubbery body absorbs attacks. (AC +1, EV +1)
((You are camouflaged when in or above water. (Stealth+)))
You have tentacles for arms and can constrict up to eight enemies at once.


   Skills:
 + Level 3.2 Fighting
 + Level 3.1 Long Blades
 + Level 0.4 Dodging
 + Level 0.9 Stealth
 - Level 1.2 Spellcasting
 - Level 3.1 Fire Magic


You had 3 spell levels left.
You didn't know any spells.
Your spell library contained the following spells:

 Spells                   Type           Power      Damage    Failure   Level
 Scorch                   Fire           20%        2d6       10%         2

Inventory:

Hand Weapons
 a - a -1 falchion of flaming
 b - a +1 dagger of electrocution (weapon)
   (You found it on level 1 of the Dungeon)
Scrolls
 f - a scroll of fear {unknown}
Potions
 c - a potion of invisibility {unknown}
 d - a potion of mutation {unknown}
 e - a potion of lignification {unknown}
 g - a potion of curing {unknown}
 h - a potion of degeneration {unknown}

Dungeon Overview and Level Annotations

Branches:
Dungeon (1/15) Zot: 5523

Altars:

###.#.#........
....#....######
######.....#
.......>...#
#######.#..... #
#.#.############## #
#.#...............
................S.......
#######........†@#
...... .########.#
###### ###(# ......
#...# ##############.###
...............#
.############### .# .#


You could see a ball python.


Message History

a +0 dagger; a goblin corpse
g - a blue potion You open the door.
There is an open door here.
You open the door.
A goblin comes into view. It is wielding a +0 dagger.
A goblin is nearby!
A goblin is nearby!
The goblin shouts!
There is an open door here.
The goblin misses you.
You hit the goblin. Lightning courses through the goblin!
You kill the goblin!
No target in view!
No target in view!
Things that are here:
a +0 dagger; a goblin corpse
h - a bubbling purple potion A bat comes into view.
A bat is nearby!
A bat is nearby!
A bat comes into view.
You see here 2 throwing nets {=f!f}. 2 endoplasms come into view.
The bat closely misses you.
A ball python comes into view.
The bat hits you. 😕 HP[-1]
You take 1 damage, and now have 20/21 hp.
You hit the bat. Your grab misses the bat.
The endoplasm quivers.
The bat hits you but does no damage. The bat hits you. 😕 HP[-1]
You take 1 damage, and now have 19/21 hp.
You hit the bat.
You kill the bat!
The bat hits you but does no damage. The endoplasm freezes you.
You are frozen. 😕 HP[-3]
You take 3 damage, and now have 16/21 hp.
You barely miss the endoplasm. The bat closely misses you.
You closely miss the bat. Your grab misses the bat.
The endoplasm quivers.
The bat closely misses you. The bat hits you but does no damage.
The endoplasm closely misses you. The bat barely misses you.
You barely miss the bat. Your grab misses the bat.
The ball python hisses angrily.
The bat closely misses you. x2; The endoplasm closely misses you.
You barely miss the bat. Your grab misses the bat. You squeeze the bat.
You kill the bat!
The endoplasm barely misses you.
You hit the endoplasm but do no damage. The endoplasm closely misses you.
The endoplasm hits you. 😮 HP[-3]
You take 3 damage, and now have 13/21 hp.
You are too injured to fight recklessly!
You are too injured to fight recklessly!
You are too injured to fight recklessly!
You hit the endoplasm.
The endoplasm hits you but does no damage.
The endoplasm freezes you.
You are frozen.
* * * LOW HITPOINT WARNING * * *
😨 HP[-3]
You take 3 damage, and now have 10/21 hp.
You hit the endoplasm. The endoplasm freezes you.
You are frozen.
* * * LOW HITPOINT WARNING * * *
The endoplasm hits you.
* * * LOW HITPOINT WARNING * * *
😱 HP[-5]
You take 5 damage, and now have 5/21 hp.
MASSIVE DAMAGE!! (PAUSE)
You hit the endoplasm.
You kill the endoplasm!
The endoplasm hits you.
* * * LOW HITPOINT WARNING * * *
The ball python closely misses you. The ball python grabs you.
The ball python constricts you.
* * * LOW HITPOINT WARNING * * *
😱 HP[-2]
You take 2 damage, and now have 3/21 hp.
You hit the endoplasm.
Lightning courses through the endoplasm!
You kill the endoplasm!
The ball python barely misses you. The ball python constricts you.
* * * LOW HITPOINT WARNING * * *
😱 HP[-1]
You take 1 damage, and now have 2/21 hp.
You closely miss the ball python. Your grab misses the ball python.
The ball python bites you but does no damage.
The ball python constricts you.
You barely miss the ball python. Your grab misses the ball python.
The ball python bites you.
* * * LOW HITPOINT WARNING * * *
The ball python constricts you.
You die...

Action                   || total
-------------------------++-------
Melee: Dagger            ||    29
       Constrict         ||     4
       Tentacles         ||     5
 Stab: Sleeping          ||     1
Armor: Skin              ||     7
Dodge: Dodged            ||    24

Levels and vault maps discovered:
D:1:      minmay_arrival_diagonal_passages, layout_basic, basic_ecumenical_altar

Notes
Turn   | Place    | Note
-------+----------+-------------------------------------------
     0 | D:1      | spiderkeys the Octopode Cinder Acolyte began the quest for
                  | the Orb.
     0 | D:1      | Reached XP level 1. HP: 16/16 MP: 2/2
     0 | D:1      | magus.rc [v1.11.3]
   133 | D:1      | Found a faded altar of an unknown god.
   393 | D:1      | Reached XP level 2. HP: 21/21 MP: 3/3
   475 | D:1      | HP: 5/21 [endoplasm (2)]
   477 | D:1      | HP: 2/21 [constriction (1)]
   479 | D:1      | Constricted to death by a ball python

Vanquished Creatures
  3 endoplasms (D:1)
  2 goblins (D:1)
  A hobgoblin (D:1)
  2 jackals (D:1)
  A quokka (D:1)
  3 bats (D:1)
  2 rats (D:1)
14 creatures vanquished.

Table legend:
 A = Non-vault XP
 B = Vault XP
 C = Vault XP percentage of total XP
 D = Non-vault monster count
 E = Vault monster count
 F = Vault count percentage of total count
                 A         B        C        D         E       F
            +---------+---------+-------+---------+---------+-------
      Total |      23 |       0 |   0.0 |      14 |       0 |   0.0
            +---------+---------+-------+---------+---------+-------
        D:1 |      23 |       0 |   0.0 |      14 |       0 |   0.0
            +---------+---------+-------+---------+---------+-------

Illustrated notes

Table legend:
 A = Kills in this place as a percentage of kills in entire the game.
 B = Kills by you in this place as a percentage of kills by you in the entire game.
 C = Kills by friends in this place as a percentage of kills by friends in the entire game.
 D = Other kills in this place as a percentage of other kills in the entire game.
 E = Experience gained in this place as a percentage of experience gained in the entire game.
 F = Experience gained in this place divided by the number of levels of this place that you have seen.
                   A       B       C       D       E      F
               +-------+-------+-------+-------+-------+----------------------
         Total | 100.0 | 100.0 |   N/A |   N/A | 100.0 |  23.0
       Dungeon | 100.0 | 100.0 |   N/A |   N/A | 100.0 |  23.0
               +-------+-------+-------+-------+-------+----------------------

Table legend: (Time is in decaauts)
 A = Elapsed time spent in this place.
 B = Non-inter-level travel time spent in this place.
 C = Inter-level travel time spent in this place.
 D = Time resting spent in this place.
 E = Time spent auto-exploring this place.
 F = Levels seen in this place.
 G = Mean time per level.
                   A        B        C        D        E       F      G
               +--------+--------+--------+--------+--------+-----+--------+
         Total |    476 |    476 |      0 |      0 |    398 |   1 |  476.0 |
       Dungeon |    476 |    476 |      0 |      0 |    398 |   1 |  476.0 |
               +--------+--------+--------+--------+--------+-----+--------+

Top non-repeatable levels by time:
     D:1: 476 daAuts
